AoeStats
← munozbwoy

Lombardia

508951176Analyzed
3v3 RM · 8d ago on Sep 24, 2026· 90m 38s· 6 players
Game mode
Random Map
Map size
Normal (6 player)
Population
200
Speed
Normal
Resources
Standard
Victory
Conquest
Starting age
Dark Age
Ending age
Imperial Age
RankedLock teamsTeams togetherTeam positionsShared explorationLock speedFull tech treeHidden civsTurbo modeCheats
Victory
Defeat
🇧🇪 Saxons · Belgium
905
+13
🇧🇪 Varangians · Belgium
893
+14
🇧🇪 Spanish · Belgium
888
+14
🇪🇸 Bohemians · Spain
945
-17
🇦🇷 Chinese · Argentina
858
-14
🇦🇷 Cumans · Argentina
737
-10
stabmill
4:15 Loom
11:27 Feudal Age
14:30 Gold Mining
17:19 Castle Age
15:18 Double-Bit Axe
18:23 Bow Saw
18:13 Fletching
20:42 Crossbowman
25:35 Pikeman
26:39 Scale Mail Armor
33:36 Elite Skirmisher
34:14 Bodkin Arrow
34:20 Padded Archer Armor
36:14 Leather Archer Armor
37:39 Chain Mail Armor
37:35 Forging
43:19 Imperial Age
41:26 Wheelbarrow
40:39 Town Watch
44:58 Iron Casting
45:53 Plate Mail Armor
45:24 Bracer
45:54 Ring Archer Armor
46:12 Ballistics
46:53 Chemistry
45:49 Murder Holes
46:04 Masonry
47:41 Caravan
50:22 Arbalester
51:07 Thumb Ring
52:15 Architecture
51:57 Fortified Wall
52:44 Conscription
53:09 Halberdier
53:51 Squires
53:37 Arson
54:57 Blast Furnace
55:17 Hand Cart
55:03 Town Patrol
56:13 Two-Man Saw
61:11 Man-at-Arms
63:45 Long Swordsman
66:47 Elite Chu Ko Nu
67:53 Two-Handed Swordsman
70:28 Champion
73:35 Heavy Rocket Cart
aaroncete3666
11:15 Feudal Age
15:08 Castle Age
13:37 Double-Bit Axe
13:34 Horse Collar
16:52 Loom
16:58 Loom
21:42 Bow Saw
21:33 Heavy Plow
26:01 Pikeman
32:57 Imperial Age
34:57 Chemistry
34:17 Ballistics
33:59 Fletching
34:10 Padded Archer Armor
34:16 Scale Barding Armor
34:21 Forging
35:05 Bodkin Arrow
35:29 Houfnice
36:56 Elite Skirmisher
41:29 Elite Hussite Wagon
41:54 Halberdier
44:39 Iron Casting
44:04 Scale Mail Armor
44:05 Bracer
44:20 Leather Archer Armor
44:26 Chain Barding Armor
49:50 Onager
60:16 Blast Furnace
59:31 Chain Mail Armor
64:19 Wagenburg Tactics
68:46 Murder Holes
76:53 Two-Man Saw
76:04 Masonry
munozbwoy
0:39 Loom
9:49 Feudal Age
20:52 Double-Bit Axe
20:53 Horse Collar
33:27 Scale Barding Armor
33:22 Scale Mail Armor
33:33 Forging
34:21 Gold Mining
35:25 Wheelbarrow
34:35 Town Watch
37:24 Castle Age
36:43 Bloodlines
39:48 Light Cavalry
43:02 Bow Saw
43:14 Heavy Plow
43:22 Caravan
46:05 Imperial Age
45:01 Hand Cart
44:46 Town Patrol
45:14 Chain Barding Armor
45:30 Iron Casting
45:11 Chain Mail Armor
49:39 Plate Barding Armor
49:34 Plate Mail Armor
50:06 Blast Furnace
52:17 Two-Man Saw
51:52 Crop Rotation
52:02 Gold Shaft Mining
51:22 Stone Mining
52:29 Coinage
52:09 Guilds
53:20 Banking
53:09 Cavalier
54:45 Paladin
57:35 Hussar
CL.Keyser Söze
12:52 Loom
14:37 Feudal Age
16:43 Horse Collar
16:52 Double-Bit Axe
19:35 Castle Age
19:11 Scale Barding Armor
19:46 Bloodlines
22:21 Forging
22:54 Husbandry
26:12 Wheelbarrow
25:56 Bow Saw
25:47 Heavy Plow
32:48 Caravan
37:20 Chain Barding Armor
39:34 Vendel Legacy
45:58 Imperial Age
44:01 Hand Cart
44:21 Gold Mining
47:18 Iron Casting
46:19 Cavalier
48:30 Conscription
48:56 Light Cavalry
50:13 Plate Barding Armor
50:39 Blast Furnace
51:52 Hussar
69:16 Chemistry
70:49 Two-Man Saw
77:30 Fortified Wall
83:08 Elite Jarl
83:51 Scale Mail Armor
83:43 Fletching
83:23 Gothikon
87:53 Spies/Treason
CL.RedBoy
11:50 Feudal Age
12:24 Loom
12:32 Double-Bit Axe
12:31 Horse Collar
14:31 Wheelbarrow
22:10 Castle Age
20:16 Gold Mining
23:17 Padded Archer Armor
23:07 Fletching
23:23 Scale Barding Armor
26:36 Heavy Plow
26:30 Stone Mining
27:16 Bow Saw
31:48 Caravan
33:42 Hand Cart
37:21 Imperial Age
36:10 Ballistics
38:36 Elite Hearth Troop
38:38 Shield Wall
38:39 Clerical Recruitment
42:28 Chemistry
42:06 Scale Mail Armor
42:17 Forging
45:06 Two-Man Saw
44:49 Elite Skirmisher
52:11 Elite Varangian Guard
52:45 Onager
61:15 Pikeman
61:56 Squires
61:41 Arson
61:42 Gambesons
66:57 Halberdier
72:12 Heavy Mounted Crossbowman
72:13 Cranequins
76:16 Leather Archer Armor
76:17 Chain Mail Armor
75:58 Bodkin Arrow
76:38 Iron Casting
85:27 Chain Barding Armor
85:37 Plate Mail Armor
85:09 Bracer
85:39 Ring Archer Armor
86:13 Conscription
85:24 Sappers
86:30 Hoardings
86:55 Crop Rotation
87:05 Gold Shaft Mining
86:18 Town Watch
86:05 Crossbowman
86:51 Thumb Ring
86:10 Man-at-Arms
86:48 Heated Shot
86:39 Treadmill Crane
87:09 Masonry
87:11 Fortified Wall
86:51 Guard Tower
86:47 Arrowslits
87:08 Siphons
87:23 Shipwright
87:09 Siege Engineers
87:15 Careening
87:33 Illumination
87:09 Atonement
87:19 Redemption
87:10 Devotion
87:05 Herbal Medicine
87:46 Theocracy
87:32 Sanctity
88:32 Heresy
88:29 Block Printing
88:47 Coinage
88:31 Arbalester
CL.Belginho
14:06 Feudal Age
14:54 Loom
17:17 Double-Bit Axe
20:13 Castle Age
21:12 Horse Collar
22:45 Bow Saw
22:37 Heavy Plow
23:56 Bloodlines
25:47 Wheelbarrow
26:11 Town Watch
27:05 Caravan
29:19 Husbandry
32:26 Hand Cart
33:32 Light Cavalry
41:39 Imperial Age
42:08 Forging
42:03 Scale Barding Armor
44:34 Onager
45:28 Elite Conquistador
45:51 Hussar
47:10 Iron Casting
46:56 Chain Barding Armor
48:47 Ballistics
47:52 Capped Ram
49:21 Cavalier
51:05 Blast Furnace
50:41 Plate Barding Armor
53:26 Fortified Wall
53:27 Masonry
53:15 Siege Ram
58:19 Pikeman
59:01 Squires
58:54 Fletching
59:05 Scale Mail Armor
59:40 Conscription
60:02 Gold Mining
60:03 Stone Mining
60:22 Halberdier
64:51 Supremacy
63:58 Paladin
68:29 Bodkin Arrow
68:52 Chain Mail Armor
Connection lost

Rejoining the realm…

Still unreachable

The connection could not be restored.

Session expired

The server has moved on; the page needs a fresh start.